 Dungeon Crawl Stone Soup version 0.27-a0-333-gfa571bf19a (webtiles) character file.

Game seed: 6094894711915985914

4 ReteAZ the Shield-Bearer (level 1, 0/18 HPs)
             Began as a Human Fighter on Feb 12, 2021.
             Slain by a leopard gecko (4 damage)
             ... on level 1 of the Dungeon.
             The game lasted 00:00:27 (172 turns).

ReteAZ the Shield-Bearer (Human Fighter)             Turns: 172, Time: 00:00:28

Health: 0/18       AC:  6    Str: 16    XL:     1   Next: 77%
Magic:  1/1        EV:  6    Int:  8    God:
Gold:   0          SH:  8    Dex: 12    Spells: 0/0 levels left

rFire    . . .     SeeInvis .   a - +0 long sword
rCold    . . .     Faith    .   c - +0 kite shield
rNeg     . . .     Spirit   .   b - +0 scale mail
rPois    .         Reflect  .   (no helmet)
rElec    .         Harm     .   (no cloak)
rCorr    .         Rampage  .   (no gloves)
Will     .....                  (no boots)
Stlth    ..........             (no amulet)
HPRegen  0.06/turn              (no ring)
MPRegen  0.07/turn              (no ring)

@: no status effects
A: no striking features
a: no special abilities


You were on level 1 of the Dungeon.
You visited 1 branch of the dungeon, and saw 1 of its levels.

Inventory:

Hand Weapons
 a - a +0 long sword (weapon)
Armour
 b - a +0 scale mail (worn)
 c - a +0 kite shield (worn)
Potions
 d - a potion of might


   Skills:
 + Level 3.0 Fighting
 * Level 2.1 Long Blades
 + Level 3.0 Armour
 + Level 3.0 Shields


You couldn't memorise any spells.
You didn't know any spells.
Your spell library was empty.

Dungeon Overview and Level Annotations

Branches:
Dungeon (1/15)

Altars:


Message History

There is an open door here.
The bat barely misses you.
You riposte.
You hit the bat but do no damage. The bat hits you but does no damage.
The bat hits you. The bat hits you but does no damage.
The bat hits you but does no damage. The bat hits you but does no damage.
The bat hits you but does no damage. The bat hits you but does no damage.
You block the bat's attack.
There is an open door here.
The leopard gecko hisses menacingly.
You block the bat's attack. You block the bat's attack. The bat hits you.
* * * LOW HITPOINT WARNING * * *
You block the bat's attack. The bat hits you but does no damage.
There is a large open door here.
The bat closely misses you. The bat completely misses you.
There is an open door here.
You block the bat's attack. The bat hits you but does no damage.
The bat hits you but does no damage.
There is a large open door here.
The bat hits you but does no damage. x2
You block the bat's attack.
There is an open door here.
The bat barely misses you.
There is a staircase leading out of the dungeon here.
You barely miss the bat. You block the bat's attack. x2
The bat hits you but does no damage.
You miss the bat. The bat completely misses you.
You riposte.
You slash the bat!
You kill the bat!
You miss the leopard gecko. The leopard gecko bites you.
* * * LOW HITPOINT WARNING * * *
The leopard gecko barely misses you.
You barely miss the leopard gecko. You block the leopard gecko's attack.
The leopard gecko bites you.
You die...

#......l#......#.#
#.......#..l.g...#
#...##########...#
#...#...#....#...#
#...#.).#....#l..#
#..g#...'g...#...#
#+#'#''##....#.[.#
#...#gg####l'#g'##
#.l.#.gl@#...#r..#
#...######...#.g.#
#....g.g.g...#...#
#.#...l#.....#...#
#......#.....#...#
##############...#
. +.........# ..
+.........# ...
#.........#


You could see a gnoll, a leopard gecko and 2 goblins.

Vanquished Creatures
  A giant cockroach (D:1)
  A hobgoblin (D:1)
  A bat (D:1)
  A goblin (D:1)
  A kobold (D:1)
5 creatures vanquished.

Notes
Turn   | Place    | Note
-------+----------+-------------------------------------------
     0 | D:1      | ReteAZ the Human Fighter began the quest for the Orb.
     0 | D:1      | Reached XP level 1. HP: 18/18 MP: 1/1
   172 | D:1      | Slain by a leopard gecko

Illustrated notes

Levels and vault maps discovered:
D:1:      minmay_arrival_widening_spiral_wide, layout_rooms,
          hangedman_decor_opposing

Action                   || total
-------------------------++-------
Melee: Long sword        ||    10
Armor: Scale mail        ||    20
Dodge: Dodged            ||    19
Block: Kite shield       ||    33
       Rpst.: Long sword ||     8

Table legend: (Time is in decaauts)
 A = Elapsed time spent in this place.
 B = Non-inter-level travel time spent in this place.
 C = Inter-level travel time spent in this place.
 D = Time resting spent in this place.
 E = Time spent auto-exploring this place.
 F = Levels seen in this place.
 G = Mean time per level.
                   A        B        C        D        E       F      G
               +--------+--------+--------+--------+--------+-----+--------+
         Total |    176 |    176 |      0 |      0 |     90 |   1 |  176.0 |
       Dungeon |    176 |    176 |      0 |      0 |     90 |   1 |  176.0 |
               +--------+--------+--------+--------+--------+-----+--------+

Top non-repeatable levels by time:
     D:1: 176 daAuts
